cohdb
Replays
Latest Replays
All Replays
Popular Replays
Top Player Replays
Match Explorer
How It Works
Community
CoH3 Stats
Reddit
Sign in to upload your games and track your stats! →
Sign in with Steam
Match 28043912
Unlisted
Match 28043912
Overview
Messages
Build Orders
End
Vickers Machine Gun Team
Construct Section Command Post
Dingo Light Scout Car
Infantry Section
Infantry Section
Construct Platoon Command Post
Humber Armored Car
Infantry Section
Construct Field Infirmary
6-pounder Anti-tank Gun Team
Construct Company Command Post
Foot Guards Section
Selects Indian Artillery Battlegroup
Selects War Cry
Selects Gurkha Rifles Section
Selects Volunteer Infantry
Infantry Training
Selects Artillery Saturation
Crusader II Medium Tank
Selects Off-map Airburst Barrage
Foot Guards Section
Crusader II Medium Tank
Armored Vehicle Training
HulkSMASH
CAuMOH
Ghost
colinmeier50
0
0
Comments
sign in to comment!
No comments posted yet!